 Dungeon Crawl Stone Soup version 0.17.0-28-g6e173f8 (webtiles) character file.

7 hexophile the Ducker (level 1, 0/15 HPs)
             Began as a Felid Berserker on Nov 29, 2015.
             Was a Follower of Trog.
             Succumbed to a goblin's poison
             ... on level 1 of the Dungeon.
             The game lasted 00:01:06 (304 turns).

hexophile the Ducker (Felid Berserker)               Turns: 304, Time: 00:01:07

Health: 0/15       AC:  1    Str: 18    XL:     1   Next: 83%
Magic:  1/2        EV: 19    Int:  8    God:    Trog [*.....]
Gold:   15         SH:  0    Dex: 15    Spells: 0 memorised, 0 levels left
                                        Lives:  0   Deaths: 0

rFire  . . .     SeeInvis +       - Unarmed
rCold  . . .     Clarity  .     (armour unavailable)
rNeg   . . .     SustAt   .     (shield unavailable)
rPois  .         Gourm    .     (helmet unavailable)
rElec  .         Spirit   +     (cloak unavailable)
rCorr  .         Warding  .     (gloves unavailable)
rMut   .         Stasis   .     (boots unavailable)
MR     .....                    f - amulet of guardian spirit {Spirit}
Stlth  ..........               (no ring)
                                (no ring)

@: berserking, lethally poisoned (0 -> -34), very quick, not resistant to
hostile enchantments, extremely unstealthy
A: no armour, no weapons or thrown items, claws 1, fangs 3, see invisible,
carnivore 3, speed 1, shaggy fur 1, slow metabolism 1, sharp paws
a: Berserk, Burn Spellbooks, Renounce Religion


You were on level 1 of the Dungeon.
You worshipped Trog.
Trog was aware of your devotion.
You were not hungry.

You visited 1 branch of the dungeon, and saw 1 of its levels.

You collected 15 gold pieces.


Innate Abilities, Weirdness & Mutations

You cannot wear armour.
You are incapable of wielding weapons or throwing items.
You have sharp claws.
You have razor-sharp teeth.
You have supernaturally acute eyesight.
You are carnivorous and can eat meat at any time.
You cover ground quickly.
You are covered in fur (AC +1).
You have a slow metabolism.
Your sharp claws are effective at attacking unaware monsters.

Inventory:

Jewellery
 f - an amulet of guardian spirit (around neck) {Spirit}
Scrolls
 b - a scroll of remove curse {unknown}
 c - a scroll of enchant armour {unknown}
 g - 3 scrolls of blinking {unknown}
Potions
 e - a potion of might {unknown}
 h - a potion of brilliance {unknown}
Comestibles
 a - a meat ration
 d - a slice of pizza


You couldn't memorise any spells.
You didn't know any spells.


   Skills:
 - Level 3.0 Fighting
 + Level 4.2 Dodging
 * Level 3.3 Unarmed Combat

Dungeon Overview and Level Annotations

Branches:
Dungeon (1/15)

Altars:

Vault maps used:
D:1:      minmay_arrival_glassed_features
There     were no monsters in sight!


Message History

You see here a goblin corpse.
Found a cloak.
Put on which piece of jewellery? (? for menu, Esc to quit)
You feel your power drawn to a protective spirit.
f - an amulet of guardian spirit (around neck)
You start resting.
Magic restored.
HP restored.
Restored 2 HP.
You have now: 10/10 HP.
You open the door.
There is an open door here.
h - a murky pink potion You open the door.
A goblin comes into view. It is wielding a dagger.
There is an open door here.
You pounce on the unaware helpless goblin!
You claw the goblin!
You kill the goblin!
Trog accepts your kill.
Things that are here:
a dagger; a goblin corpse
Things that are here:
a dagger; a goblin corpse A goblin comes into view.
It is wielding a dagger of venom.
You miss the goblin.
The goblin hits you with a dagger of venom.
You are lethally poisoned!
You lost 3 HP.
You have now: 7/10 HP.
You scratch the goblin.
The goblin is heavily wounded.
You feel sick.
The goblin hits you with a dagger of venom.
You are more poisoned.
You lost 2 HP.
You have now: 5/10 HP.
A red film seems to cover your vision as you go berserk!
You feel yourself moving faster!
You feel mighty!
You feel somewhat more hungry.
* * * LOW HITPOINT WARNING * * *
You feel sick.
The goblin hits you with a dagger of venom.
* * * LOW HITPOINT WARNING * * *
You are more poisoned.
You got additional 5 HP.
You lost 2 HP.
You have now: 3/15 HP.
You scratch the goblin.
You kill the goblin!
Trog accepts your kill.
* * * LOW HITPOINT WARNING * * *
You feel sick.
You lost 2 HP.
You have now: 1/15 HP.
You die...

Action                   || total
-------------------------++-------
Melee: Unarmed           ||    16
Invok: Berserk           ||     1
 Stab: Sleeping          ||     2

Notes
Turn   | Place    | Note
--------------------------------------------------------------
     0 | D:1      | hexophile the Felid Berserker began the quest for the Orb.
     0 | D:1      | Reached XP level 1. HP: 10/10 MP: 2/2
   304 | D:1      | Succumbed to a goblin's poison

Table legend:
 A = Turns spent in this place as a percentage of turns spent in the entire game.
 B = Non-inter-level travel turns spent in this place as a percentage of non-inter-level travel turns spent in the entire game.
 C = Inter-level travel turns spent in this place as a percentage of turns spent in this place.
 D = Turns resting spent in this place as a percentage of non-inter-level travel turns spent in this place.
 E = Turns spent auto-exploring this place as a percentage of non-inter-level travel turns spent in this place.
 F = Non-inter-level travel turns spent in this place divided by the number of levels of this place that you've seen.
                   A       B       C       D       E      F
               +-------+-------+-------+-------+-------+----------------------
         Total | 100.0 | 100.0 |   0.0 |   1.7 |   4.1 | 121.0
       Dungeon | 100.0 | 100.0 |   0.0 |   1.7 |   4.1 | 121.0
               +-------+-------+-------+-------+-------+----------------------

Table legend:
 A = Kills in this place as a percentage of kills in entire the game.
 B = Kills by you in this place as a percentage of kills by you in the entire game.
 C = Kills by friends in this place as a percentage of kills by friends in the entire game.
 D = Other kills in this place as a percentage of other kills in the entire game.
 E = Experience gained in this place as a percentage of experience gained in the entire game.
 F = Experience gained in this place divided by the number of levels of this place that you have seen.
                   A       B       C       D       E      F
               +-------+-------+-------+-------+-------+----------------------
         Total | 100.0 | 100.0 |  -nan |  -nan | 100.0 |  10.0
       Dungeon | 100.0 | 100.0 |  -nan |  -nan | 100.0 |  10.0
               +-------+-------+-------+-------+-------+----------------------

Vanquished Creatures
  A giant newt (D:1)
  5 goblins (D:1)
  A rat (D:1)
7 creatures vanquished.
